 Dungeon Crawl Stone Soup version 0.26.1-11-gd32895ea62 (webtiles) character file.

Game seed: 2507638253594241322

31701 nothank2 the Fencer (level 13, -6/109 HPs)
             Began as a Formicid Fighter on July 14, 2021.
             Was a High Priest of the Shining One.
             Killed from afar by an oklob plant (11 damage)
             ... with a splash of acid
             ... on level 2 of the Lair of Beasts.
             The game lasted 00:43:23 (15131 turns).

nothank2 the Fencer (Formicid Fighter)             Turns: 15131, Time: 00:43:24

Health: -6/109     AC:  5    Str: 25    XL:     13   Next: 98%
Magic:  13/13      EV:  6    Int:  9    God:    the Shining One [*****.]
Gold:   1680       SH: 21    Dex: 16    Spells: 12/12 levels left

rFire    + . .     SeeInvis +   a - +3 scimitar (flame)
rCold    + . .     Faith    .   P - +1 tower shield
rNeg     + + +     Spirit   .   F - +0 plate armour
rPois    .         Reflect  .   (helmet unavailable)
rElec    .         Harm     .   p - scarf {rC+ rF+}
rCorr    .         Rampage  .   w - +0 pair of gloves
Will     +....                  R - +1 pair of boots "Bineag" {rN++ Dex+2}
Stlth    ..........             v - amulet of the acrobat
HPRegen  0.28/turn              m - +4 ring of protection
MPRegen  0.13/turn              N - ring "Fiufres" {Dex+4 Slay+4}

@: corroded, glowing, very slow
A: permanent stasis, dig shafts and tunnels, four strong arms, antennae 3
a: Dig, Shaft Self, Renounce Religion, Divine Shield, Cleansing Flame, Summon
Divine Warrior


You were on level 2 of the Lair of Beasts.
You worshipped the Shining One.
The Shining One was extremely pleased with you.
You visited 2 branches of the dungeon, and saw 13 of its levels.
You also visited: Bailey.

You collected 2175 gold pieces.
You spent 495 gold pieces at shops.

Inventory:

Hand Weapons
 a - a +3 scimitar of flaming (weapon)
Missiles
 A - 51 poisoned darts (quivered)
Armour
 p - a scarf of resistance (worn)
 w - a +0 pair of gloves (worn)
 F - a +0 plate armour (worn)
 P - a +1 tower shield (worn)
 R - the +1 pair of boots "Bineag" (worn) {rN++ Dex+2}
   (You bought it in a shop on level 11 of the Dungeon)

   It affects your dexterity (+2).
   It greatly protects you from negative energy.
Jewellery
 j - the ring "Biywaysu" {rN+ Dex+7}
   (You found it on level 11 of the Dungeon)

   [ring of positive energy]

   It affects your dexterity (+7).
   It protects you from negative energy.
 m - a +4 ring of protection (left hand)
 v - an amulet of the acrobat (around neck)
 G - an uncursed ring of poison resistance
 L - a +4 ring of evasion
 N - the ring "Fiufres" (right hand) {Dex+4 Slay+4}
   (You found it on level 10 of the Dungeon)

   [ring of slaying]

   It affects your dexterity (+4).
   It affects your accuracy and damage with ranged weapons and melee attacks
   (+4).
 Q - the ring of Sufosi {rF+ Dex+7}
   (You found it on level 10 of the Dungeon)

   [ring of protection from fire]

   It affects your dexterity (+7).
   It protects you from fire.
Wands
 c - a wand of disintegration (19)
 f - a wand of enslavement (4)
 r - a wand of polymorph (9)
 x - a wand of flame (47)
 H - a wand of iceblast (13)
Scrolls
 b - a scroll of brand weapon {unknown}
 e - 2 scrolls of enchant weapon
 g - a scroll of vulnerability {unknown}
 l - 2 scrolls of fear
 o - 12 scrolls of identify
 q - 4 scrolls of remove curse
 t - a scroll of magic mapping
 y - 2 scrolls of fog
 B - 2 scrolls of immolation
Potions
 d - a potion of might
 h - a potion of invisibility {unknown}
 i - a potion of mutation
 k - 4 potions of curing
 n - 4 potions of brilliance
 u - 5 potions of lignification
 z - 2 potions of cancellation
 J - 4 potions of flight


   Skills:
 + Level 12.3 Fighting
 * Level 15.1 Long Blades
 + Level 8.9 Armour
 + Level 12.5 Shields


You had 12 spell levels left.
You didn't know any spells.
Your spell library contained the following spells:

 Spells                   Type           Power        Failure   Level
 Animate Skeleton         Necr           0%           100%        1
 Apportation              Tloc           0%           100%        1
 Corona                   Hex            0%           100%        1
 Magic Dart               Conj           0%           100%        1
 Sandblast                Erth           0%           100%        1
 Summon Small Mammal      Summ           0%           100%        1
 Call Imp                 Summ           0%           100%        2
 Passwall                 Tmut/Erth      0%           100%        2
 Poisonous Vapours        Pois/Air       0%           100%        2
 Searing Ray              Conj           0%           100%        2
 Slow                     Hex            0%           100%        2
 Conjure Flame            Conj/Fire      0%           100%        3
 Dazzling Flash           Conj/Hex       0%           100%        3
 Lesser Beckoning         Tloc           0%           100%        3
 Mephitic Cloud           Conj/Pois/Air  0%           100%        3
 Stone Arrow              Conj/Erth      0%           100%        3
 Tukima's Dance           Hex            0%           100%        3
 Fulminant Prism          Conj/Hex       0%           100%        4
 Iskenderun's Mystic Bla  Conj/Tloc      0%           100%        4
 Leda's Liquefaction      Hex/Erth       0%           100%        4
 Petrify                  Tmut/Erth      0%           100%        4
 Summon Lightning Spire   Summ/Air       0%           100%        4
 Alistair's Intoxication  Tmut/Pois      0%           100%        5
 Bolt of Magma            Conj/Fire/Erth 0%           100%        5
 Irradiate                Conj/Tmut      0%           100%        5
 Lee's Rapid Deconstruct  Erth           0%           100%        5
 Silence                  Hex/Air        0%           100%        5
 Freezing Cloud           Conj/Ice/Air   0%           100%        6
 Invisibility             Hex            0%           100%        6
 Iron Shot                Conj/Erth      0%           100%        6
 Statue Form              Tmut/Erth      0%           100%        6
 Shatter                  Erth           0%           100%        9
 Blink                    Tloc           Unusable     N/A         2

Dungeon Overview and Level Annotations

Branches:
Dungeon (11/15)            Temple (0/1) D:6            Lair (2/6) D:11
 Bailey (visited)
  Swamp: Lair:2-4    Shoals: Lair:2-4     Snake: Lair:2-4    Spider: Lair:2-4
    Orc: D:9-12

Altars:
Cheibriados
Elyvilon
Fedhas
Makhleb
Nemelex Xobeh
Okawaru
Qazlal
Sif Muna
Uskayaw
Vehumet
Wu Jian
Xom
Zin
The Shining One

Shops:
D:7 (   D:11 [

Annotations:
D:9 3 runed translucent doors, bnorton916's ghost, novice DECj; pukegreen's ghost, novice TrBe
Lair:2 exclusion: oklob plant


Innate Abilities, Weirdness & Mutations

You cannot be hasted, slowed, berserked, paralysed or teleported.
You can dig through walls and to a lower floor.
Your four strong arms can wield two-handed weapons with a shield.
You have a pair of large antennae on your head. (SInv)


Message History

You hit the oklob plant but do no damage.
The oklob plant is severely damaged.
The oklob plant spits acid at you. You block the splash of acid.
You hit the oklob plant but do no damage.
The oklob plant is severely damaged.
Your unstable footing causes you to fumble your attack.
You hit the oklob plant. You burn the oklob plant.
The oklob plant is severely damaged.
Okay, then.
You hit the oklob plant but do no damage.
The oklob plant is severely damaged.
You hit the oklob plant but do no damage.
The oklob plant is severely damaged.
Your unstable footing causes you to fumble your attack.
You hit the oklob plant but do no damage.
The oklob plant is severely damaged.
The oklob plant spits acid at you. The splash of acid hits you!
You die...

.....## #...# #≈≈≈≈≈≈#..........
^#...######..# #≈....≈##......P..
.............###......#..........
.............#>.......##.......P.
.............#>.......'..........
#.......#....#>.......#.#........
#....P###....###......#..#....(.
...####....#.# #≈..?.≈#...#....#
##.## #..##..# #@≈≈≈≈≈#.......###
....###......# #PPP.PP#.#........
......÷......#############P......
...........[..........# #......
.....................#### .##..
.###....................###..###.
.##.........................###P.
.....#.............[........#.#†.
..#...##........................#


You could see an oklob plant.

Vanquished Creatures
  A stone giant (D:11)
  An ettin (D:11)
  Harold (D:6)
  A boulder beetle (D:11)
  A hydra (Lair:2)
  Erica (D:8)
  A deep troll earth mage (D:9)
  An unseen horror (D:10)
  An oklob plant (Lair:2)
  A deep elf mage (D:10)
  An ugly thing (D:10)
  15 cyclopes (D:11)
  A black mamba (Lair:2)
  Maurice (D:9)
  A black mamba (shapeshifter) (D:10)
  3 cane toads
  A gargoyle (D:9)
  Maggie (D:9)
  2 rime drakes (Lair:2)
  6 komodo dragons
  2 trolls
  Prince Ribbit (D:9)
  2 slime creatures
  7 blink frogs (Lair:2)
  20 yaks
  3 wyverns
  A basilisk (D:11)
  A steam dragon (Lair:2)
  3 wargs (D:11)
  Menkaure (D:7)
  3 water moccasins
  6 sky beasts
  9 orc warriors
  6 phantoms
  2 black bears
  An ice beast (D:6)
  A necrophage (D:7)
  3 wolves (D:11)
  2 eyes of draining (D:9)
  14 ogres
  11 centaurs
  3 big kobolds
  11 bullfrogs
  A wyvern zombie (D:9)
  A gnoll sergeant (D:9)
  2 scorpions
  9 killer bees
  8 wights
  4 howler monkeys
  A bullfrog zombie (D:10)
  A centaur zombie (D:10)
  2 jellies
  5 hounds
  10 orc wizards
  8 orc priests
  3 bullfrog skeletons
  2 centaur skeletons (D:9)
  2 iguanas
  7 worker ants
  2 hound skeletons
  A howler monkey skeleton (D:4)
  7 gnolls
  9 adders
  A shadow imp (D:9)
  6 white imps
  4 ufetubi
  2 oozes
  An adder zombie (D:5)
  An adder skeleton (D:5)
  2 worms
  A dart slug (D:1)
  9 leopard geckos
  38 orcs
  11 bats
  11 giant cockroaches
  12 goblins
  11 hobgoblins
  24 jackals
  7 quokkas
  A ball python (D:5)
  7 frilled lizards
  31 kobolds
  A leopard gecko skeleton (D:4)
  A leopard gecko zombie (D:5)
  2 quokka skeletons
  8 rats
432 creatures vanquished.

Vanquished Creatures (others)
  A bat (D:3)
  12 fungi
  17 plants
30 creatures vanquished.

Grand Total: 462 creatures vanquished

Notes
Turn   | Place    | Note
-------+----------+-------------------------------------------
     0 | D:1      | nothank2 the Formicid Fighter began the quest for the Orb.
     0 | D:1      | Reached XP level 1. HP: 18/18 MP: 1/1
    85 | D:1      | Reached XP level 2. HP: 16/24 MP: 2/2
   412 | D:1      | Reached XP level 3. HP: 29/29 MP: 3/3
   836 | D:2      | Found a shimmering blue altar of Sif Muna.
   837 | D:2      | Found a snail-covered altar of Cheibriados.
   838 | D:2      | Found a glowing golden altar of the Shining One.
   846 | D:2      | Became a worshipper of the Shining One
   969 | D:2      | Reached XP level 4. HP: 37/37 MP: 4/4
  1243 | D:2      | You fall into a shaft and drop 2 floors!
  1258 | D:4      | Reached skill level 3 in Long Blades
  1268 | D:4      | Found a blossoming altar of Fedhas.
  1466 | D:3      | Found a burning altar of Makhleb.
  1959 | D:2      | Reached XP level 5. HP: 39/42 MP: 5/5
  2326 | D:3      | Found a stormy altar of Qazlal.
  2732 | D:4      | Noticed an ogre
  2985 | D:4      | Killed an ogre
  2986 | D:4      | Reached skill level 4 in Long Blades
  2986 | D:4      | Reached XP level 6. HP: 31/49 MP: 6/6
  3227 | D:4      | Noticed a phantom
  3254 | D:4      | Killed a phantom
  3255 | D:4      | Reached skill level 5 in Long Blades
  3311 | D:4      | Reached skill level 5 in Fighting
  3366 | D:4      | Reached XP level 7. HP: 55/56 MP: 7/7
  3544 | D:5      | Entered Level 5 of the Dungeon
  3546 | D:5      | Reached * piety under the Shining One
  3666 | D:5      | Reached skill level 6 in Long Blades
  3903 | D:5      | You fall into a shaft and drop 1 floor!
  4063 | D:5      | Found an iron altar of Okawaru.
  4229 | D:6      | Found a staircase to the Ecumenical Temple.
  4399 | D:6      | Reached XP level 8. HP: 50/64 MP: 8/8
  4443 | D:6      | Reached ** piety under the Shining One
  4472 | D:6      | Reached skill level 7 in Long Blades
  4957 | D:6      | Found a sacrificial altar of Ru.
  4959 | D:6      | Found a white marble altar of Elyvilon.
  4959 | D:6      | Found a glowing silver altar of Zin.
  4969 | D:6      | Found a shimmering altar of Xom.
  4969 | D:6      | Found a shimmering blue altar of Sif Muna.
  4969 | D:6      | Found an ornate altar of the Wu Jian Council.
  5120 | D:6      | Reached skill level 5 in Shields
  5446 | D:7      | Found Leneh's Antique Weapon Boutique.
  5454 | D:7      | Reached XP level 9. HP: 70/71 MP: 9/9
  5466 | D:7      | Bought a runed long sword for 201 gold pieces
  5481 | D:7      | Noticed Menkaure
  5492 | D:7      | Killed Menkaure
  5493 | D:7      | Reached skill level 8 in Long Blades
  5493 | D:7      | Reached skill level 5 in Armour
  5651 | D:7      | Noticed Harold
  5963 | D:6      | Killed Harold
  5964 | D:6      | Reached skill level 9 in Long Blades
  6619 | D:8      | Found a hide-covered altar of Uskayaw.
  6630 | D:8      | Reached XP level 10. HP: 56/80 MP: 10/10
  6736 | D:8      | Found a radiant altar of Vehumet.
  6736 | D:8      | Reached *** piety under the Shining One
  6882 | D:8      | Reached skill level 10 in Long Blades
  6935 | D:8      | Noticed Erica
  6959 | D:8      | Killed Erica
  7607 | D:8      | Found a white marble altar of Elyvilon.
  7747 | D:9      | Found a radiant altar of Vehumet.
  7813 | D:9      | Noticed a gargoyle
  7820 | D:9      | Killed a gargoyle
  7849 | D:9      | Found a runed translucent gate.
  7850 | D:9      | Found a runed translucent gate.
  7850 | D:9      | Found a runed translucent gate.
  7851 | D:9      | Noticed pukegreen's ghost (novice TrBe)
  7851 | D:9      | Noticed bnorton916's ghost (novice DECj)
  7931 | D:9      | Noticed Prince Ribbit
  7937 | D:9      | Reached skill level 11 in Long Blades
  7946 | D:9      | Killed Prince Ribbit
  8199 | D:9      | Reached **** piety under the Shining One
  8308 | D:9      | Reached XP level 11. HP: 85/89 MP: 11/11
  8512 | D:9      | Reached skill level 12 in Long Blades
  8538 | D:9      | Noticed a deep troll earth mage
  8550 | D:9      | Killed a deep troll earth mage
  8551 | D:9      | Reached skill level 10 in Fighting
  8674 | D:9      | Noticed Maurice
  8682 | D:9      | Noticed Maggie
  8685 | D:9      | Killed Maurice
  8697 | D:9      | Killed Maggie
  8698 | D:9      | Reached skill level 10 in Shields
  9120 | D:9      | Reached ***** piety under the Shining One
  9317 | D:9      | Found a sparkling altar of Nemelex Xobeh.
  9511 | D:10     | Entered Level 10 of the Dungeon
  9585 | D:10     | Found a flagged portal.
  9602 | Bailey   | Entered a bailey
  9736 | Bailey   | Got a fading broad axe
  9859 | D:10     | Identified the cursed +0 broad axe "Gisasux" {elec, Dex+4
                  | Stlth+} (You found it in a bailey)
 10037 | D:10     | Noticed an unseen horror
 10055 | D:10     | Killed an unseen horror
 10056 | D:10     | Reached XP level 12. HP: 92/98 MP: 12/12
 10156 | D:10     | Reached skill level 13 in Long Blades
 10186 | D:10     | Got a clouded iron ring
 10245 | D:10     | Identified the ring of Sufosi {rF+ Dex+7} (You found it on
                  | level 10 of the Dungeon)
 10505 | D:10     | Got a transparent glass ring
 10555 | D:10     | Found a sparkling altar of Nemelex Xobeh.
 10861 | D:11     | Found Iluolox's Antique Armour Boutique.
 10869 | D:11     | Bought a pair of faintly humming boots for 294 gold pieces
 10879 | D:11     | Identified the +1 pair of boots "Bineag" {rN++ Dex+2} (You
                  | bought it in a shop on level 11 of the Dungeon)
 10909 | D:11     | Found a staircase to the Lair.
 10910 | D:11     | Noticed a boulder beetle
 10933 | D:11     | Killed a boulder beetle
 11964 | D:11     | Noticed an ettin
 12021 | D:10     | You fall into a shaft and drop 1 floor!
 12490 | D:11     | Reached XP level 13. HP: 45/106 MP: 13/13
 12788 | D:11     | Reached skill level 14 in Long Blades
 12984 | D:11     | Noticed an ettin
 13003 | D:11     | Killed an ettin
 13016 | D:11     | Noticed a stone giant
 13026 | D:11     | Killed a stone giant
 13070 | D:11     | Identified the Reference Book on Flying Attacks
 13073 | D:11     | Got a flickering steel ring
 13078 | D:11     | Identified the ring "Biywaysu" {rN+ Dex+7} (You found it on
                  | level 11 of the Dungeon)
 13080 | D:11     | Identified the ring "Fiufres" {Dex+4 Slay+4} (You found it
                  | on level 10 of the Dungeon)
 13117 | D:11     | Got a twisted falchion
 13118 | D:11     | Identified the +3 falchion of Sied {drain, rPois} (You
                  | found it on level 11 of the Dungeon)
 13371 | Lair:1   | Entered Level 1 of the Lair of Beasts
 14504 | Lair:2   | Noticed a seven-headed hydra
 14512 | Lair:2   | Killed a three-headed hydra
 14911 | Lair:2   | Reached skill level 15 in Long Blades
 15123 | Lair:2   | HP: 3/109 [acid (10)]
 15131 | Lair:2   | Killed from afar by an oklob plant

Illustrated notes

Levels and vault maps discovered:
D:1:      zaba_arrival_water, layout_loops_ring, serial_rivers,
          chequers_serial_rivers_small_3, chequers_serial_rivers_micro_c,
          chequers_serial_rivers_micro_d, chequers_serial_rivers_micro_e,
          chequers_serial_rivers_small_3, st_stairs_1
D:2:      minmay_alternating_diamond, layout_basic, grunt_temple_overflow_open,
          item_on_display_a
D:3:      layout_basic, grunt_qazlal_clouds, lemuel_crystal_altar,
          gup_sewer_entry_pipe
D:4:      layout_basic, general_overflow_altar, minmay_misc_feat_doors
D:5:      layout_rooms, okawaru_metal_pillars_1_2
D:6:      kennysheep_six_static_rooms, layout_loops_ring, doesnt_xom_only_xom,
          minmay_temple_entry_antechambers, minivault_24
D:7:      layout_basic, serial_shops, shop, uniq_harold, uniq_menkaure
D:8:      layout_loops_ring, kennysheep_mini, basic_altar,
          vehumet_altar_wand_db, uniq_erica
D:9:      minmay_the_grid_square_5x5_4x4 [minmay_the_grid_square_5x5_corner,
          minmay_the_grid_square_5x5_tetrominoes,
          minmay_the_grid_square_5x5_dogpile, minmay_the_grid_square_5x5_tie,
          minmay_the_grid_square_5x5_half_checkered,
          minmay_the_grid_square_5x5_prize_gold,
          minmay_the_grid_square_5x5_prize_deathbox,
          minmay_the_grid_square_5x5_lines, minmay_the_grid_square_5x5_empty,
          minmay_the_grid_square_5x5_prize_snowflake,
          minmay_the_grid_square_5x5_prize_monsterx,
          minmay_the_grid_square_5x5_forky, minmay_the_grid_square_5x5_seven,
          minmay_the_grid_square_5x5_minibox,
          minmay_the_grid_square_5x5_intrusive_squares,
          minmay_the_grid_square_5x5_bite], layout_stronghold,
          nicolae_overflow_hidden_temple, gammafunk_ghost_cemetery,
          serial_column_ruins, column_ruins_courtyard_long, column_ruins_hut,
          column_ruins_grid_3, column_ruins_open_small_water,
          column_ruins_open_small, nemelex_spade_bored_becter, uniq_maggie,
          uniq_prince_ribbit1, uniq_maurice
D:10:     minmay_cut_squares, layout_gridville, basic_altar, enter_bailey_5
D:11:     giant_chief_lemuel, layout_loops_ring, david_lair_generic,
          serial_shops, shop, kennysheep_crisscross, grunt_decor_arrowhead,
          hangedman_decor_points
Lair:1:   layout_cave_pods
Lair:2:   dpeg_oklob_gauntlet, layout_layer_cave, lemuel_fruit_tree

Skill      XL: |  1  2  3  4  5  6  7  8  9 10 11 12 13 |
---------------+----------------------------------------+-----
Shields        | 4 5 7 8 10 11 12 | 12.5
Long Blades    | 3 4 5 6 7 9 11 12 13 15 | 15.1
Fighting       | 4 5 6 8 9 10 11 12 | 12.3
Armour         | 4 5 7 8 |  8.9

Action                   |  1- 3 |  4- 6 |  7- 9 | 10-12 | 13-15 || total
-------------------------+-------+-------+-------+-------+-------++-------
Melee: Long sword        |   122 |   216 |   281 |    60 |       ||   679
       Scimitar          |       |       |       |   572 |   214 ||   786
Throw: Dart              |       |       |     8 |     4 |       ||    12
 Abil: Dig               |       |     1 |     2 |       |       ||     3
       Shaft Self        |       |       |       |     1 |       ||     1
  Use: Potion            |       |     1 |       |     3 |     1 ||     5
       Scroll            |       |       |    18 |     5 |     5 ||    28
Armor: Scale mail        |    69 |   100 |    42 |       |       ||   211
       Plate armour      |       |       |   132 |   200 |    21 ||   353
Dodge: Dodged            |    44 |    74 |   114 |   161 |    21 ||   414
Block: Kite shield       |    75 |   102 |   172 |   306 |       ||   655
       Tower shield      |       |       |       |   158 |   130 ||   288
       Rpst.: Long sword |    13 |    17 |    28 |     3 |       ||    61
       Scimitar          |       |       |       |    37 |     6 ||    43
